Unix NetHack Version 5.0.0-0 post-release - last build Jun 10 2026 00:39:30 (3ee93aec679c4c4259841fe613dc97188e26a321,branch:main).

Game began 2026-06-25 20:54:36, ended 2026-06-27 22:41:18.

Anarchos, lawful female dwarven Valkyrie

                                                         ----------
                     ----------                          |........|
                     |.........#                         |d.......|
      --------       |........|#                         |@fu.....|
      |......|      #|........|##   ---------------- ####Tf.......|
      |......-#######-........|#####-...............##   |........|
      |(.....|     # |.........##   |..`[[.........|     |......".|
      |......-##     ----------##   |..............-###    --.-----
      |......|                ###   |..............|  #      ######
      |......|                  #   -.--------------  ######      #
      ------.-                  #    ##                    #      #
            ####                ##    #                    #      #
               ############      #    #                    #      ##
                          ##########  ##                   #    ---.---
                                 ##########                #####......|
                                  #----.--.-                    |.....|
                                  #|........#############       |.....|
                                  #-.......|            ########+.....|
                                   ---------                    -------

Anarchos the Fighter        St:18 Dx:14 Co:20 In:8 Wi:10 Ch:13  Lawful
Dlvl:11 $:0  HP:0(109) Pw:8(8) AC:-4 Xp:9/2662 T:19165 

Latest messages:
 You swap places with your large dog.
 Your large cat steps reluctantly onto a battle-axe.
 Your large dog steps reluctantly onto a battle-axe.
 Your pony steps reluctantly onto a battle-axe.
 Your kitten steps reluctantly onto an orcish helm.
 You swap places with your kitten.
 The troll swings a single-edged polearm.
 You are almost hit by a single-edged polearm.
 The troll picks up an orcish helm.
 You hit the troll!
 The troll bashes with her single-edged polearm.
 The troll hits!
 The troll hits!
 The troll just misses!
 The troll bashes with her single-edged polearm.
 The troll hits!
 The troll misses!
 The troll bites!
 You miss the troll.
 The troll bashes with her single-edged polearm.
 The troll hits!
 The troll hits!
 The troll bites!
 The troll bashes with her single-edged polearm.
 The troll misses!
 The troll hits!
 The troll misses!
 You miss the troll.
 The troll bashes with her single-edged polearm.
 The troll hits!
 The troll hits!
 The troll bites!
 The troll bashes with her single-edged polearm.
 The troll hits!
 The troll hits!
 The troll bites!
 What do you want to drop? [a-cgk-rvwyzADFHJ-MOPUW-Y or ?*] l
 You drop an uncursed bag containing 68 items.
 Your movements are now unencumbered.
 The troll bashes with her single-edged polearm.
 The troll hits!
 The troll misses!
 The troll bites!
 You miss the troll.
 The troll bashes with her single-edged polearm.
 The troll hits!
 You die...
 Do you want your possessions identified? [ynq] (y) y
 Do you want to see your attributes? [ynq] (y) y
 Do you want an account of creatures vanquished? [ynaq] (y) q

Inventory:
 Amulets  ('"')
  y - an uncursed amulet of unchanging (being worn)
 Weapons  (')')
  X - 2 rusty +0 arrows
  Y - a blessed poisoned +0 orcish arrow
  L - a +1 dart
  a - a blessed +1 dwarvish spear (at the ready)
  o - a +0 knife
  w - a +0 dwarvish mattock
  J - a +2 long sword (weapon in right hand)
  W - a +0 orcish short sword
  q - a +0 short sword
 Armor    ('[')
  P - an uncursed +0 dwarvish iron helm (being worn)
  K - an uncursed +0 pair of leather gloves (being worn)
  n - a blessed burnt +1 pair of low boots
  U - an uncursed +1 pair of low boots (being worn)
  c - an uncursed +3 small shield
  z - an uncursed +0 leather cloak (being worn)
  D - an uncursed +3 elven mithril-coat (being worn)
 Comestibles  ('%')
  b - an uncursed lichen corpse
 Scrolls  ('?')
  H - a cursed scroll of teleportation
 Rings    ('=')
  p - an uncursed ring of fire resistance (on right hand)
  g - an uncursed ring of teleport control (on left hand)
 Wands    ('/')
  r - a wand of striking (0:0)
  v - a wand of teleportation (0:4)
 Tools    ('(')
  F - an empty cursed bag of holding
  O - an uncursed oil lamp
  M - an uncursed skeleton key
  A - a cursed tin whistle
  m - an uncursed towel
  k - a +0 unicorn horn

Anarchos the Valkyrie's attributes:

Background:
 You were a Fighter, a level 9 dwarven Valkyrie.
 You were lawful, on a mission for Tyr
 who was opposed by Odin (neutral) and Loki (chaotic).
 You were right-handed.
 You were in the Dungeons of Doom, on level 11.
 You entered the dungeon 19165 turns ago.
 It was nighttime.
 You had 2662 experience points, 2458 more were needed to attain level 10.

Basics:
 You had 0 out of 109 hit points.
 You had all 8 energy points (spell power).
 Your armor class was -4.
 Your wallet was empty.
 Autopickup was on for all types.

Final Characteristics:
 Your strength was 18 (limit:18/100).
 Your dexterity was 14 (limit:20).
 Your constitution was 20 (limit:20).
 Your intelligence was 8 (limit:16).
 Your wisdom was 10 (limit:16).
 Your charisma was 13 (limit:16).

Final Status:
 You weren't hungry.
 You were unencumbered.
 You were wielding a long sword.
 You had expert skill with long sword.

Final Attributes:
 You were piously aligned.
 You were fire resistant.
 Your items were protected from fire.
 You were cold resistant.
 You were poison resistant.
 You were telepathic.
 You had infravision.
 You were stealthy.
 You had teleport control.
 You were guarded.
 Your spell casting was impaired by metallic armor.
 You couldn't change from your current form.
 You were fast.
 You are dead.

Miscellaneous:
 You encountered 1 bones level.
 Total elapsed playing time was 9 hours and 29 minutes.

Major events:
 Turn
    1: Anarchos the lawful dwarven Valkyrie entered the dungeon
 1027: attained the rank of Skirmisher (level 3)
 1698: entered the Gnomish Mines
 3438: reached Mine Town
 3627: attained the rank of Fighter (level 6)
10972: entered Sokoban
11660: completed 1st Sokoban level
12044: completed 2nd Sokoban level
12498: completed 3rd Sokoban level
13614: performed her first genocide (class ;)
13887: attained the rank of Woman-at-arms (level 10)
19165: killed by a troll

Spells:
 Name                 Level Category     Fail Retention
 clairvoyance           3   divination   100%   26%-50%
 chain lightning        2   attack       100%  76%-100%
 healing                1   healing      100%  76%-100%
 turn undead            6   clerical     100%  76%-100%

Skills:
 Fighting Skills
   bare handed combat [Unskilled]
   two weapon combat  [Unskilled]
   riding             [Unskilled]
 Weapon Skills
   dagger             [Basic]
   axe                [Unskilled]
   pick-axe           [Unskilled]
   short sword        [Unskilled]
   broadsword         [Unskilled]
   long sword         [Expert]
   two-handed sword   [Unskilled]
   saber              [Unskilled]
   hammer             [Unskilled]
   quarterstaff       [Unskilled]
   polearms           [Unskilled]
   spear              [Skilled]
   trident            [Unskilled]
   lance              [Unskilled]
   sling              [Unskilled]
 Spellcasting Skills
   attack spells      [Unskilled]
   escape spells      [Unskilled]

Voluntary challenges:
 Character rerolling was not enabled.
 You genocided 6 types of monsters.
 You never polymorphed an object.
 You never changed form.
 You used no wishes.
 You violated the special Sokoban rules 5 times.
Achievements:
 You attained the rank of Skirmisher.
 You entered the Gnomish Mines.
 You entered Minetown.
 You entered a shop.
 You attained the rank of Fighter.
 You entered a temple.
 You entered Sokoban.
 You attained the rank of Woman-at-arms.

 The Dungeons of Doom: levels 1 to 12
    Level 1:
    Level 2:
    Level 3:
    Level 4:
       Stairs down to The Gnomish Mines.
    Level 5:
       A fountain.
       Oracle of Delphi.
    Level 6:
       A food shop, a fountain, a sink.
       Stairs up to Sokoban, level 5.
    Level 7:
       A fountain.
    Level 8:
       A general store.
    Level 9:
       A general store.
    Level 10:
       A sink.
    Level 11: <- You were here.
       Final resting place for
          you, killed by a troll,
          ksw-Val-Hum-Fem-Law, killed by a wolf.
    Level 12:
       Summoned by the Norn.
 The Gnomish Mines: levels 5 to 9
    Level 5:
    Level 6:
    Level 7: "loastone!!!"
    Level 8:
       Many shops, a temple and an altar, some fountains.
    Level 9:
 Sokoban: levels 5 up to 3
    Level 3:
       Solved.
    Level 4:
       Solved.
    Level 5:
       Solved.


Vanquished creatures:
  a ghost
  a large mimic
  a wumpus
  a stalker
  a hill giant
  a xorn
  5 water demons
  a winter wolf
  6 small mimics
 an ogre leader
  3 trolls
  a gelatinous cube
  2 freezing spheres
  a shocking sphere
  a tiger
  2 leocrottas
 an energy vortex
 an elf mummy
  2 human mummies
  2 pythons
  a wraith
  a carnivorous ape
  2 ettin zombies
  7 soldiers
 an amorous demon
  2 chameleons
  a crocodile
  a giant beetle
  2 quivering blobs
  4 cockatrices
  3 wolves
  a panther
  2 gremlins
 an orc-captain
  2 iron piercers
  a giant spider
  a scorpion
 an ice vortex
  2 vampire bats
  a forest centaur
  2 orc mummies
  2 dwarf mummies
  3 owlbears
  a yeti
  2 gold golems
  2 werewolves
  4 lizards
  4 chickatrices
  3 dingoes
  a jaguar
  a dwarf leader
  3 blue jellies
  a white unicorn
  a gray unicorn
  a dust vortex
  3 ravens
  a plains centaur
  2 gnome mummies
  2 snakes
  3 apes
  a soldier ant
  3 fire ants
  a bugbear
  2 imps
  3 quasits
  3 wood nymphs
  7 water nymphs
  2 mountain nymphs
 an Uruk-hai
 an orc shaman
  5 rock piercers
  3 rock moles
  2 ponies
  2 fog clouds
  4 yellow lights
  2 shriekers
  a violet fungus
  2 gnome leaders
  a gnomish wizard
  3 gray oozes
  a barrow wight
  5 elf zombies
  2 ghouls
  3 straw golems
  a paper golem
  7 giant ants
  a little dog
  9 floating eyes
  a kitten
  3 dwarves
  5 homunculi
  a kobold shaman
  6 hill orcs
 10 rothes
  a rabid rat
  2 giant bats
  3 monkeys
  6 dwarf zombies
  2 wererats
  a werejackal
  5 iguanas
  3 killer bees
  5 acid blobs
  3 coyotes
  a gas spore
  5 hobbits
  3 manes
  2 large kobolds
  6 hobgoblins
  2 giant rats
  9 cave spiders
  4 yellow molds
  a red mold
 10 gnomes
  5 gnome zombies
  6 geckos
 11 jackals
  3 foxes
  2 kobolds
  6 goblins
  6 sewer rats
  7 grid bugs
  5 bats
 15 lichens
  a kobold zombie
 11 newts
370 creatures vanquished.

Genocided species:
 krakens
 sharks
 electric eels
 piranha
 giant eels
 jellyfish
6 species genocided.

Game over:
                       ----------
                      /          \
                     /    REST    \
                    /      IN      \
                   /     PEACE      \
                  /                  \
                  |     Anarchos     |
                  |       0 Au       |
                  |   killed by a    |
                  |      troll       |
                  |                  |
                  |                  |
                  |       2026       |
                 *|     *  *  *      | *
        _________)/\\_//(\/(/\)/\//\/|_)_______

Farvel Anarchos the Valkyrie...

You died in The Dungeons of Doom on dungeon level 11 with 29266 points,
and 0 pieces of gold, after 19165 moves.
You were level 9 with a maximum of 109 hit points when you died.

